 Dungeon Crawl Stone Soup version 0.24.0-37-gcf1ca852f1 (webtiles) character file.

Game seed: 10248803908091134612, levelgen mode: deterministic

216 Peloso the Skirmisher (level 5, -8/50 HPs)
             Began as a Minotaur Fighter on Dec 8, 2019.
             Killed by divine providence
             ... invoked by an orc priest
              (13 damage)
             ... on level 4 of the Dungeon.
             The game lasted 00:04:51 (2112 turns).

Peloso the Skirmisher (Minotaur Fighter)            Turns: 2112, Time: 00:04:51

Health: -8/50      AC: 11    Str: 21    XL:     5   Next: 61%
Magic:  4/4        EV:  4    Int:  5    God:
Gold:   190        SH:  9    Dex: 10    Spells: 4/4 levels left

rFire    + . .     SeeInvis .   a - +0 long sword
rCold    + . .     Gourm    +   c - +0 shield
rNeg     . . .     Faith    .   h - +0 plate armour
rPois    .         Spirit   .   (helmet restricted)
rElec    .         Reflect  .   (no cloak)
rCorr    .         Harm     .   (no gloves)
MR       .....                  (no boots)
Stlth    ..........             o - amulet of the gourmand
HPRegen  0.16/turn              g - ring of protection from cold
MPRegen  0.09/turn              k - ring of protection from fire

@: lightly drained
A: retaliatory headbutt, horns 2
a: no special abilities


You were on level 4 of the Dungeon.
You were very full.

You visited 1 branch of the dungeon, and saw 4 of its levels.

You collected 190 gold pieces.

Inventory:

Hand Weapons
 a - a +0 long sword (weapon)
Armour
 b - a +0 scale mail
 c - a +0 shield (worn)
 h - a +0 plate armour (worn)
Jewellery
 g - a ring of protection from cold (left hand)
 k - a ring of protection from fire (right hand)
 o - an amulet of the gourmand (around neck)
Scrolls
 e - 3 scrolls of teleportation {unknown}
 i - 2 scrolls of amnesia {unknown}
 j - 4 scrolls of identify {unknown}
 l - a scroll of enchant weapon {unknown}
 m - 3 scrolls of remove curse {unknown}
 r - a scroll of fog {unknown}
 t - 2 scrolls of blinking {unknown}
Potions
 d - a potion of might
 n - a potion of heal wounds {unknown}
 p - a potion of mutation {unknown}
 q - 2 potions of brilliance {unknown}
 u - a potion of haste {unknown}
Comestibles
 f - 3 rations


   Skills:
 + Level 5.6(5.1) Fighting
 + Level 3.8(3.4) Long Blades
 + Level 4.6(4.1) Armour
 + Level 4.7(4.2) Shields


You had 4 spell levels left.
You didn't know any spells.
Your spell library was empty.

Dungeon Overview and Level Annotations

Branches:
Dungeon (4/15)
 Temple: D:4-7

Altars:
Fedhas
Ru
Xom


Innate Abilities, Weirdness & Mutations

You reflexively headbutt those who attack you in melee.
You have a pair of horns on your head.


Message History

You block the adder's attack.
The orc priest invokes the aid of Beogh against you.
Beogh smites you! The orc hits you but does no damage.
An orc priest comes into view.
You block the orc's attack. The adder bites you but does no damage.
The orc hits you but does no damage.
The orc priest moves out of view.
You block the orc's attack. x2
The orc priest shouts!
The adder bites you but does no damage.
The orc priest calls upon Beogh to heal the orc.
The orc's wounds heal themselves!
You block the adder's attack.
The orc priest calls down the wrath of Beogh upon you.
Beogh smites you!
The orc priest calls down the wrath of Beogh upon you.
Beogh smites you!
* * * LOW HITPOINT WARNING * * *
You block the adder's attack.
The orc priest invokes the aid of Beogh against you.
Beogh smites you!
You die...

########.# #..#.#
.........# #..#.#
#########.# #.##.#
..........# #.##.#
#########.#######.##.#
................##.##
.#................<.#
#.#####.####.####..#
.. #.# #@# #..# #.#
#.# #..# ..# #S# #..#
### #.# #..# #o# #..#
#o# #... #.# ##o##
#.o.#


You could see an orc priest, an adder and 2 orcs.

Vanquished Creatures
  Jessica (D:2)
  An iguana (D:4)
  A hound skeleton (D:4)
  6 adders
  An ooze (D:2)
  2 worms
  2 dart slugs
  4 leopard geckos (D:2)
  4 orcs (D:3)
  2 ball pythons (D:3)
  6 giant cockroaches
  9 goblins
  8 hobgoblins
  4 jackals (D:3)
  A quokka (D:3)
  5 bats
  5 frilled lizards
  10 kobolds
  8 rats
80 creatures vanquished.

Notes
Turn   | Place    | Note
-------+----------+-------------------------------------------
     0 | D:1      | Peloso the Minotaur Fighter began the quest for the Orb.
     0 | D:1      | Reached XP level 1. HP: 19/19 MP: 0/0
   127 | D:1      | Found a shimmering altar of Xom.
   272 | D:1      | Reached XP level 2. HP: 27/27 MP: 1/1
   498 | D:1      | Reached skill level 4 in Fighting
   757 | D:2      | Reached XP level 3. HP: 30/33 MP: 2/2
   879 | D:2      | Noticed Jessica
   894 | D:2      | Killed Jessica
   894 | D:2      | Reached XP level 4. HP: 34/41 MP: 3/3
  1075 | D:2      | Found a sacrificial altar of Ru.
  1512 | D:3      | Reached skill level 5 in Fighting
  1563 | D:3      | Found a blossoming altar of Fedhas.
  1644 | D:3      | Reached XP level 5. HP: 44/48 MP: 4/4
  2112 | D:4      | Killed from afar by an orc priest

Levels and vault maps discovered:
D:1:      lightli_arrival_flooded_house, layout_loops_corners,
          minmay_misc_feat_diagonals, xom_teletrap_fun
D:2:      layout_loops_ring, nicolae_ru_path_of_blood, uniq_jessica
D:3:      layout_rooms, fedhas_altar_2, minmay_quantized
D:4:      layout_loops_ring, serial_shops, shop, uniq_edmund

Skill      XL: |  1  2  3  4 |
---------------+-------------+-----
Fighting       | 4 5 |  5.6
Armour         | 4 |  4.6
Shields        | 4 |  4.7
Long Blades    | 3 |  3.8

Action                   |  1- 3 |  4- 6 || total
-------------------------+-------+-------++-------
Melee: Long sword        |    64 |   128 ||   192
       Headbutt          |    12 |    19 ||    31
  Eat: Chunk             |       |    13 ||    13
Armor: Plate armour      |    42 |    90 ||   132
       Scale mail        |     3 |       ||     3
Dodge: Dodged            |     9 |    30 ||    39
Block: Shield            |    32 |    74 ||   106
       Rpst.: Long sword |     3 |     9 ||    12
